CI VEDIAMO SUL CIELO, chaotic female elven Rogue ---+-- #......# #|....| ##.....| ------- ##|P...| |.....| #|P@..| +# |.....| #|.....# # ###......| #------# % # -.----- ########## #### ## # # ##### # # #### # # #### --.--- # #### +....| # # # |..<)| # ### |....| # -------# # ....| # |.....|### ---- ##.......# ------- CI VEDIAMO SUL CIELO the Pilferer Experience level: 10 Strength: 18 Dexterity: 19 Constitution: 16 Intelligence: 18 Wisdom: 12 Charisma: 12 Health: 0(68) Energy: 57(57) Def: 15 Gold: 1845 Moves: 24203 Dungeon seed: jNNMUXwy-O7XKQ7u Game ID: CI VEDIAMO SUL CIELO_1526502382 Your Inventory: Coins $ - 1845 gold pieces Amulets l - an uncursed amulet of reflection (being worn) Weapons a - the uncursed rustproof +0 Valerian (weapon in hand) c - a blessed thoroughly corroded +8 orcish dagger named Dagger of Reckoning h - a blessed +3 short sword named Righteous Sword Armor q - an uncursed +0 dwarvish mithril-coat (being worn) v - an uncursed +0 elven shield (being worn) y - a blessed +2 cloak of magic resistance (being worn) K - an uncursed +0 pair of leather gloves (being worn) Comestibles F - 4 uncursed food rations O - 2 uncursed lizard corpses T - an uncursed egg Rings f - an uncursed ring of slow digestion (on right hand) j - a cursed ring of teleport control (on left hand) k - an uncursed ring of free action Wands e - an uncursed wand of lightning (0:4) g - an uncursed wand of digging (0:5) p - an uncursed wand of make invisible (0:2) s - an uncursed wand of digging (0:6) A - an uncursed wand of digging (0:5) D - an uncursed wand of polymorph (0:0) H - an uncursed wand of fire (0:5) L - a blessed wand of digging (0:4) R - an uncursed wand of light (0:13) U - an uncursed wand of striking (0:5) Tools b - a blessed bag of holding i - an uncursed magic lamp o - an uncursed lock pick x - an uncursed bag of tricks (0:11) B - an uncursed blindfold G - 2 uncursed tallow candles (0:200) P - an uncursed +0 unicorn horn S - an uncursed credit card V - an uncursed +0 unicorn horn Gems r - an uncursed luckstone N - an uncursed worthless piece of yellow glass Contents of the bag of holding: 1149 gold pieces a [uncursed] amulet of life saving a [uncursed] [+0] broad pick [dwarvish mattock] 15 uncursed +0 elven daggers an uncursed +0 cloak of protection a [uncursed] [+0] plumed helmet [of telepathy] a [uncursed] cram ration a [uncursed] eucalyptus leaf a [cursed] eucalyptus leaf a [uncursed] food ration 2 [uncursed] lembas wafers 6 [uncursed] lumps of royal jelly a [uncursed] magic bean a [cursed] sprig of wolfsbane 3 [uncursed] scroll [of enchant weapon]'s labeled HACKEM MUCHE 2 [uncursed] scroll [of fire]'s labeled DUAM XNAHT a [uncursed] scroll [of magic mapping] labeled PRIRUTSENIE 3 [uncursed] scroll [of scare monster]'s labeled KIRJE called scare a [uncursed] scroll [of scare monster] labeled KIRJE called scare a cursed scroll of confuse monster 2 [blessed] scrolls of confuse monster an uncursed scroll of consecration 6 uncursed scrolls of create monster a cursed scroll of create monster a cursed scroll of earth a blessed scroll of enchant armor 2 uncursed scrolls of gold detection a [uncursed] scroll of identify a blessed scroll of light 5 uncursed scrolls of light a [cursed] scroll of light 2 uncursed scrolls of remove curse an uncursed scroll of stinking cloud an uncursed scroll of taming 2 blessed scrolls of teleportation a [cursed] scroll of teleportation 2 uncursed scrolls of water 4 uncursed unlabeled scroll [of blank paper]'s a cursed unlabeled scroll [of blank paper] a [cursed] dark potion [of hallucination] called hallu 3 uncursed potions of extra healing 3 uncursed potions of healing 3 uncursed potions of object detection 2 [cursed] potions of object detection a [uncursed] potion of oil a [uncursed] potion of paralysis a [cursed] potion of paralysis an uncursed ring of cold resistance an uncursed ring of conflict an uncursed ring of fire resistance an uncursed ring of free action a blessed +3 ring of increase damage an uncursed ring of polymorph an uncursed ring of polymorph control an uncursed ring of regeneration an uncursed ring of searching an uncursed ring of see invisible an uncursed ring of sustain ability an uncursed ring of teleport control an uncursed ring of warning a [uncursed] wand of digging [0:3] a [uncursed] wand of light [0:13] a [uncursed] wand of light [0:10] a [uncursed] wand of lightning [0:3] a [cursed] wand of magic missile [0:2] an uncursed wand of opening (0:3) a [cursed] wand of polymorph [0:5] a [uncursed] wand of sleep [0:6] a [uncursed] wand of sleep [0:4] a [uncursed] wand of speed monster [0:1] a [uncursed] wand of teleportation [0:1] a [uncursed] wand of teleportation [0:8] a [cursed] wand of teleportation [0:0] 7 [uncursed] tallow candles [0:200] a [uncursed] [+0] unicorn horn Spells and supernatural/magical abilities: Name Level Category Fail Memory i - invisibility 4 escape 100% 18% w - wizard lock 2 matter 100% 64% K - cure sickness 3 healing 100% 12% L - levitation 4 escape 100% 11% W - pray for help -- divine ? -- Your skills at the end: Miscellaneous Skills wands [Basic] stealth [Skilled] Weapon Skills dagger [Expert] short sword [Skilled] Spellcasting Skills Final Attributes: You were devoutly aligned. You were cold resistant. You were sleep resistant. You were poison resistant. You were magic-protected. Your writing hand was a little cramped from use. You were telepathic. You had automatic searching. You had infravision. You were very stealthy. You could teleport. You had teleport control. You had slower digestion. You were protected. You had reflection. You were lucky. You had extra luck. Bad luck did not time out for you. Good luck did not time out for you. You are dead. Vanquished creatures: a blue dragon a storm giant a guardian naga 3 shopkeepers 2 water trolls 2 nurses an Aleax a black pudding 4 ghosts 2 lieutenants a queen bee 2 giant mimics 3 large mimics a wumpus 2 couatls an air elemental 2 water elementals a giant zombie 3 sergeants 2 wargs a quantum mechanic 6 small mimics a warhorse a xan an ettin mummy an ogre lord 2 sasquatches a wood golem a pyrolisk a large dog 2 freezing spheres a tiger 3 tengu 2 chameleons 3 leocrottas a pit viper a cobra a wraith an ettin zombie a leather golem 23 soldiers an incubus 4 giant beetles a cockatrice 9 wolves a black light a lynx a panther 3 leprechauns 2 quivering blobs 2 lizards 4 mountain nymphs a giant spider an iron piercer 2 horses 2 vampire bats 6 gnome kings an orc mummy 2 dwarf mummies 3 brown puddings a rust monster 3 owlbears 2 yetis 3 gold golems a werewolf a dog 2 dingos 2 housecats 2 jaguars 2 dwarf lords a blue jelly a water nymph 2 white unicorns a gray unicorn 5 dust vortices a raven 6 plains centaurs a Woodland-elf 2 snakes 2 water moccasins an ape 2 human zombies a rope golem 8 soldier ants 2 fire ants 3 yellow lights a bugbear 2 baby crocodiles 3 wood nymphs 14 Mordor orcs 2 Uruk-hai 4 orc shamans 5 rock moles 4 rock piercers 2 ponies 4 fog clouds 3 shriekers 3 violet fungi 13 gnome lords 4 gnomish wizards 2 kobold mummies a black naga hatchling a golden naga hatchling a guardian naga hatchling 3 gray oozes a barrow wight an elf zombie a ghoul a straw golem a paper golem 7 giant ants a puppy 4 floating eyes 3 kittens 13 dwarves a homunculus a kobold lord a kobold shaman 7 iguanas 11 hill orcs 13 rothes 3 rabid rats 3 centipedes 3 jitterbugs 3 giant bats 2 monkeys 5 orc zombies 4 dwarf zombies a werejackal 24 killer bees 4 coyotes 3 gas spores 7 hobbits 5 acid blobs 8 large kobolds 10 geckos 11 hobgoblins 5 giant rats 9 cave spiders a brown mold 5 yellow molds 4 green molds 3 red molds 50 gnomes 7 garter snakes 4 manes a gnome zombie 17 jackals a fox 2 kobolds 11 newts 11 goblins 13 sewer rats 12 grid bugs 5 bats 7 lichens 5 kobold zombies 604 creatures vanquished. Genocided species: hobbits dwarves bugbears dwarf lords dwarf kings quantum mechanics mind flayers master mind flayers liches demiliches master liches arch-liches jellyfish piranhas sharks giant eels electric eels krakens 18 species genocided. Voluntary challenges: You were not displaced. You used a wielded weapon 1400 times, starting on turn 1. You did not use sinks. You read items or engraved 74 times, starting on turn 765. You genocided 18 types of monsters, starting on turn 15482. You never polymorphed an object. You never changed form. You completed Sokoban on turn 11131, according to the rules. You used no wishes. You split 5 puddings, starting on turn 17617. You wrote Elbereth's name 2 times, starting on turn 1823. You violated your moral code, losing 9 points of alignment, starting on turn 14697. Dungeon overview: The Dungeons of Doom: levels 1 to 21 Level 1 a long staircase Level 2 some fountains Level 3 (un negozio) a potion shop, a fountain stairs to The Gnomish Mines Level 4 (tesoro) a fountain Level 5 a jewelry store Level 6 (unicorn) a fountain Level 7 (un corpo di qualcuno) many fountains Level 8 (ANGRY SHOPKEEPER #3) a scroll shop stairs to Sokoban Level 9 a fountain Level 10 a fountain Level 11 a throne Level 12 Level 13 a temple to Mog, a fountain Level 14 Level 15 a general store, some fountains Level 16 a sink Level 17 Level 18 Level 19 Level 20 some fountains Level 21 <- You were here The Gnomish Mines: levels 4 to 11 Level 4 stairs to The Dungeons of Doom Level 5 Level 6 many shops, a temple to Kos, a magic chest, some fountains Level 7 Level 8 Level 9 Level 10 Level 11 some altars to Moloch, a magic chest, a fountain Sokoban: levels 4 to 7 Level 4 a magic chest Level 5 a sink Level 6 (Luck) Level 7 a magic chest stairs to The Dungeons of Doom History has recorded: On T:1 you entered the Dungeons of Doom to retrieve the Amulet of Yendor! On T:296 you reached level 2 of The Dungeons of Doom. On T:567 you reached level 3 of The Dungeons of Doom. On T:572 you advanced to experience level 2. On T:684 you reached level 1 of The Gnomish Mines. On T:708 you advanced to experience level 3. On T:727 you advanced to experience level 4. On T:924 you reached level 2 of The Gnomish Mines. On T:930 you advanced to experience level 5. On T:1186 you reached level 3 of The Gnomish Mines. On T:1335 you prayed to Kos. On T:1437 you reached level 4 of The Dungeons of Doom. On T:1515 you advanced to experience level 6. On T:1609 you reached level 5 of The Dungeons of Doom. On T:1797 you reached level 6 of The Dungeons of Doom. On T:2454 you reached level 7 of The Dungeons of Doom. On T:2575 you prayed to Kos. On T:2774 you advanced to experience level 7. On T:3546 you entered the Minetown temple On T:3580 you opened a magic chest. On T:4068 you received Valerian from Kos. On T:4494 you reached level 4 of The Gnomish Mines. On T:4534 you advanced to experience level 8. On T:5703 you prayed to Kos. On T:7525 you reached level 8 of The Dungeons of Doom. On T:7765 you reached level 4 of Sokoban. On T:8093 you reached level 3 of Sokoban. On T:9246 you reached level 2 of Sokoban. On T:9810 you reached level 1 of Sokoban. On T:11131 you advanced to experience level 9. On T:11131 you entered the Sokoban zoo. On T:14109 you reached level 9 of The Dungeons of Doom. On T:15401 you advanced to experience level 10. On T:15700 you reached level 5 of The Gnomish Mines. On T:15820 you reached level 6 of The Gnomish Mines. On T:15943 you reached level 7 of The Gnomish Mines. On T:16160 you reached level 8 of The Gnomish Mines. On T:16160 you reached the bottom of the Mines. On T:18422 you refused a wish. On T:18873 you prayed to Kos. On T:19645 you reached level 10 of The Dungeons of Doom. On T:19866 you reached level 11 of The Dungeons of Doom. On T:19917 you reached level 12 of The Dungeons of Doom. On T:20550 you reached level 13 of The Dungeons of Doom. On T:21066 you reached level 14 of The Dungeons of Doom. On T:21481 you advanced to experience level 11. On T:21592 you advanced to experience level 12. On T:21712 you reached level 15 of The Dungeons of Doom. On T:22129 you reached level 16 of The Dungeons of Doom. On T:22390 you reached level 17 of The Dungeons of Doom. On T:22390 you entered the Rogue tribute level. On T:22856 you reached level 18 of The Dungeons of Doom. On T:22971 you reached level 19 of The Dungeons of Doom. On T:23378 you reached level 20 of The Dungeons of Doom. On T:23813 you reached level 21 of The Dungeons of Doom. Score breakdown: Gold: 2994 ( 299 points) Experience: 10 levels ( 900 points) Exploration: 21 levels ( 600 points) Discoveries: 97 items ( 2000 points) Variety of kills: 157 monsters ( 2000 points) Major goal: Sokoban/Mines ( 1500 points) Survival: died (score multiplied by 3) Total score: 21897 Latest messages: The blue dragon claws you! (2x) You stab the blue dragon. The blue dragon bites! The blue dragon claws you! (2x) Your sweetly-scented blade puts the blue dragon to sleep. You stab the blue dragon. (3x) You catch the blue dragon at a disadvantage! You kill the blue dragon! You see here a blue dragon corpse. (2x) There is a blue dragon corpse here, but you cannot lift any more. This blue dragon corpse tastes terrible! To what position do you want to be teleported? You're having a hard time getting all of it down. You resume your meal. You stop eating. The blood pudding divides as you hit it! Goodbye level 12. The blood pudding bites! (2x) The blood pudding divides as you hit it! Goodbye level 11. The blood pudding bites! You die... Final status: Goodbye CI VEDIAMO SUL CIELO the Rogue, killed by a blood pudding... You died in The Dungeons of Doom on dungeon level 21 with 21897 points, and 2994 pieces of gold, after 24203 moves. You were level 10 with a maximum of 68 hit points when you died.